 Dungeon Crawl Stone Soup version 0.26.0-18-gc5c842f807 (webtiles) character file.

Game seed: 9077618867138971480

339 zcampers the Covered (level 6, -6/56 HPs)
             Began as a Minotaur Fighter on Jan 23, 2021.
             Mangled by a wraith (7 damage)
             ... in an ossuary.
             The game lasted 00:04:50 (3400 turns).

zcampers the Covered (Minotaur Fighter)             Turns: 3400, Time: 00:04:50

Health: -6/56      AC:  7    Str: 20    XL:     6   Next: 29%
Magic:  5/5        EV:  7    Int:  7    God:
Gold:   171        SH: 10    Dex: 10    Spells: 5/5 levels left

rFire    . . .     SeeInvis .   q - +0 war axe
rCold    . . .     Faith    .   c - +0 kite shield
rNeg     . . .     Spirit   .   b - +0 scale mail
rPois    .         Reflect  .   (helmet restricted)
rElec    .         Harm     .   (no cloak)
rCorr    .         Rampage  .   (no gloves)
Will     .....                  (no boots)
Stlth    ..........             (no amulet)
HPRegen  0.18/turn              (no ring)
MPRegen  0.09/turn              (no ring)

@: hasted and slowed
A: retaliatory headbutt, horns 2
a: no special abilities


You were in an ossuary.
You visited 1 branch of the dungeon, and saw 4 of its levels.
You also visited: Ossuary.

You collected 171 gold pieces.

Inventory:

Hand Weapons
 q - a +0 war axe (weapon)
Missiles
 w - 2 boomerangs (quivered)
Armour
 b - a +0 scale mail (worn)
 c - a +0 kite shield (worn)
Jewellery
 g - an uncursed ring of fire
Scrolls
 a - 2 scrolls of random uselessness {unknown}
 e - a scroll of magic mapping
 f - a scroll of fog {unknown}
 h - 3 scrolls of fear {unknown}
 i - 3 scrolls of blinking {unknown}
 j - 3 scrolls of identify {unknown}
 m - 3 scrolls of teleportation {unknown}
 s - a scroll of remove curse {unknown}
 t - a scroll of enchant weapon {unknown}
 v - a scroll of enchant armour {unknown}
Potions
 l - 3 potions of lignification {unknown}
 n - a potion of berserk rage {unknown}
 o - a potion of attraction {unknown}
 p - a potion of flight {unknown}
 r - a potion of mutation {unknown}
 u - a potion of magic {unknown}


   Skills:
 + Level 5.2 Fighting
 + Level 4.4 Axes
 + Level 5.3 Armour
 + Level 5.3 Shields


You had 5 spell levels left.
You didn't know any spells.
Your spell library was empty.

Dungeon Overview and Level Annotations

Branches:
Dungeon (4/15)            Ossuary (1/1)
 Temple: D:4-7

Altars:
Elyvilon
Gozag
Hepliaklqana
Kikubaaqudgha
Sif Muna
Uskayaw
Xom
Zin


Innate Abilities, Weirdness & Mutations

You reflexively headbutt those who attack you in melee.
You have a pair of horns on your head.


Message History

It was a potion of haste.
You feel yourself speed up. The wraith hits you!
* * * LOW HITPOINT WARNING * * *
You hit the wraith. Your headbutt misses the wraith.
The wraith is moderately damaged.
The wraith hits you but does no damage.
You barely miss the wraith.
You headbutt the wraith, but do no damage.
The wraith is moderately damaged.
You block the wraith's attack. The wraith hits you!
* * * LOW HITPOINT WARNING * * *
You slash the wraith!
The wraith is heavily damaged.
The wraith closely misses you.
You hit the wraith.
The wraith is severely damaged.
You block the wraith's attack.
You barely miss the wraith.
The wraith is severely damaged.
You block the wraith's attack. The wraith hits you!
You die...

#### ##...
##...#####.
##...##...##
#...##...?.# .
+..@W.?.!??. ..
#...##...?.# ...
##...##...##...#
##...#####...#
##.........# ..
..#####'#####...
................
................
######'''#######


You could see a wraith.

Vanquished Creatures
  A bullfrog (D:4)
  A hound (D:4)
  A bullfrog skeleton (D:4)
  A worker ant (D:4)
  2 mummies
  2 gnolls (D:4)
  7 adders
  An ooze (D:3)
  2 worms
  2 dart slugs
  A leopard gecko (D:1)
  2 orcs (D:3)
  2 ball pythons
  6 bats (D:1)
  2 giant cockroaches (D:2)
  10 goblins
  4 hobgoblins
  3 jackals (D:1)
  3 quokkas (D:4)
  4 frilled lizards
  2 gnoll skeletons (Ossuary)
  8 kobolds
  A kobold skeleton (Ossuary)
  A kobold zombie (D:4)
  6 orc skeletons (Ossuary)
  6 rats
81 creatures vanquished.

Vanquished Creatures (others)
  14 plants (D:4)
14 creatures vanquished.

Grand Total: 95 creatures vanquished

Notes
Turn   | Place    | Note
-------+----------+-------------------------------------------
     0 | D:1      | zcampers the Minotaur Fighter began the quest for the Orb.
     0 | D:1      | Reached XP level 1. HP: 19/19 MP: 0/0
    66 | D:1      | Reached XP level 2. HP: 13/27 MP: 1/1
   922 | D:1      | Reached XP level 3. HP: 33/33 MP: 2/2
  1329 | D:2      | Found a hide-covered altar of Uskayaw.
  1866 | D:2      | Found a hazy altar of Hepliaklqana.
  1871 | D:2      | Found an ancient bone altar of Kikubaaqudgha.
  1878 | D:2      | Found a white marble altar of Elyvilon.
  2177 | D:3      | Reached XP level 4. HP: 34/40 MP: 3/3
  2181 | D:3      | Found an opulent altar of Gozag.
  2826 | D:4      | Found a shimmering altar of Xom.
  2827 | D:4      | Noticed an angel
  2831 | D:4      | Found a glowing silver altar of Zin.
  2904 | D:4      | Reached XP level 5. HP: 42/47 MP: 4/4
  2943 | D:4      | Found a shimmering blue altar of Sif Muna.
  3080 | D:4      | Reached skill level 5 in Armour
  3093 | D:4      | Reached skill level 5 in Fighting
  3093 | D:4      | Reached skill level 5 in Shields
  3123 | D:4      | Found a sand-covered staircase.
  3140 | D:4      | Reached XP level 6. HP: 22/56 MP: 5/5
  3141 | Ossuary  | Entered an ossuary
  3141 | Ossuary  | Noticed a wraith
  3141 | Ossuary  | Noticed a wraith
  3141 | Ossuary  | Noticed a wraith
  3381 | Ossuary  | Noticed a wraith
  3397 | Ossuary  | HP: 1/56 [wraith (9)]
  3400 | Ossuary  | Mangled by a wraith

Illustrated notes

Levels and vault maps discovered:
D:1:      dpeg_arrival_ternary, layout_basic, minmay_misc_feat_secret_circle
D:2:      layout_loops_ring, eat_drink_and_be_merry_uskayaw,
          minmay_overflow_temple_star_quad, grunt_decor_clamped,
          minmay_misc_feat_cross, minmay_misc_feat_encased, minmay_pentomino_x2
D:3:      minmay_chambers_of_twos, layout_basic, nicolae_overflow_crystal_walls
D:4:      wad_woods_tower, layout_loops_corners,
          grunt_temple_overflow_order_and_chaos_1, tgw_sif,
          nicolae_ossuary_entry_giza, kennysheep_generic_room_10, uniq_menkaure,
          uniq_crazy_yiuf_cottage
Ossuary:  ossuary_due_mausoleum

Skill      XL: |  1  2  3  4  5 |
---------------+----------------+-----
Shields        | 4 5 |  5.3
Armour         | 4 5 |  5.3
Fighting       | 4 5 |  5.2
Axes           | 3 4 |  4.4

Action                   |  1- 3 |  4- 6 || total
-------------------------+-------+-------++-------
Melee: War axe           |   100 |   106 ||   206
       Headbutt          |    11 |    23 ||    34
  Use: Scroll            |     1 |     1 ||     2
       Potion            |       |     2 ||     2
Armor: Scale mail        |    58 |    46 ||   104
Dodge: Dodged            |    26 |    34 ||    60
Block: Kite shield       |    51 |    48 ||    99
